 Dungeon Crawl Stone Soup version 0.26.0-15-gc6cd9f700b (webtiles) character file.

Game seed: 1005010324432807041

66 Nolbo the Insei (level 4, 0/29 HPs)
             Began as an Octopode Transmuter on Jan 15, 2021.
             Slain by a white imp (4 damage)
             ... summoned by Natasha
             ... on level 3 of the Dungeon.
             The game lasted 00:01:43 (1856 turns).

Nolbo the Insei (Octopode Transmuter)               Turns: 1856, Time: 00:01:44

Health: 0/29       AC:  1    Str:  9    XL:     4   Next: 15%
Magic:  7/7        EV: 13    Int: 16    God:
Gold:   146        SH:  0    Dex: 12    Spells: 5/8 levels left

rFire    . . .     SeeInvis .   a - +3 dagger (freeze)
rCold    . . .     Faith    .   (no shield)
rNeg     . . .     Spirit   .   (helmet restricted)
rPois    .         Reflect  .   (no amulet)
rElec    .         Harm     .   (no ring)
rCorr    .         Rampage  .   (no ring)
Will     .....                  (no ring)
Stlth    ++........             (no ring)
HPRegen  0.09/turn              (no ring)
MPRegen  0.10/turn              (no ring)
                                (no ring)
                                (no ring)

@: no status effects
A: almost no armour, stealthy swim, amphibious, 8 rings, constrict 8, camouflage
1, gelatinous body 1
a: no special abilities


You were on level 3 of the Dungeon.
You visited 1 branch of the dungeon, and saw 3 of its levels.

You collected 146 gold pieces.

Inventory:

Hand Weapons
 a - a +3 dagger of freezing (weapon)
Armour
 d - a +0 buckler
Jewellery
 g - an uncursed amulet of reflection {unknown}
 h - an uncursed ring of protection from fire {unknown}
 m - an uncursed amulet of regeneration {unknown}
Scrolls
 b - a scroll of immolation {unknown}
 c - 7 scrolls of identify {unknown}
 e - a scroll of teleportation {unknown}
 i - 2 scrolls of enchant armour {unknown}
 j - a scroll of amnesia {unknown}
 k - 3 scrolls of remove curse {unknown}
 l - 2 scrolls of magic mapping {unknown}
Potions
 f - a potion of resistance {unknown}
 n - a potion of degeneration {unknown}


   Skills:
 + Level 2.1 Fighting
 - Level 2.0 Dodging
 + Level 3.5 Unarmed Combat
 + Level 2.6 Spellcasting
 + Level 2.6 Transmutations


You had 5 spell levels left.
You knew the following spells:

 Your Spells              Type           Power        Failure   Level
a - Beastly Appendage     Tmut           20%          7%          1
b - Wereblood             Tmut           10%          10%         2

Your spell library contained the following spells:

 Spells                   Type           Power        Failure   Level
 Spider Form              Tmut/Pois      3%           34%         3
 Ice Form                 Ice/Tmut       6%           75%         4
 Blade Hands              Tmut           5%           88%         5


Dungeon Overview and Level Annotations

Branches:
Dungeon (3/15)

Altars:
Ashenzari

Annotations:
D:3 Natasha


Innate Abilities, Weirdness & Mutations

You cannot wear most types of armour.
You are very stealthy in the water. (Stealth+)
You are amphibious.
You can wear up to eight rings at the same time.
You can use your tentacles to constrict eight enemies at once.
Your skin changes colour to match your surroundings (Stealth+).
Your rubbery body absorbs attacks. (AC +1, EV +1)


Message History

Your grab misses the crimson imp. You constrict the white imp.
The hobgoblin misses you. The crimson imp misses you.
The white imp closely misses you.
You hit the white imp but do no damage.
The white imp is lightly wounded.
You constrict the white imp.
The hobgoblin hits you but does no damage.
The white imp gestures at you. The puff of frost hits you!
* * * LOW HITPOINT WARNING * * *
The crimson imp misses you.
You release your grip on the white imp.
The crimson imp blinks!
You barely miss the crimson imp. You grab the crimson imp.
You squeeze the crimson imp.
The crimson imp is moderately wounded.
You constrict the crimson imp, but do no damage.
The hobgoblin hits you.
* * * LOW HITPOINT WARNING * * *
The white imp hits you.
You die...

#########.$ ####
#..<..#.... ...##
#.....#..... #....
###.....#..... ....
........+...... #..
#########......##.#+#
.....# #.......h.#.###
####.# #..... #g5....#
...# +..... #@.)##.#
.#.######.....##5...#...
.#.............#......#
..############?.......#
..#.................#.#
..#.###############.#.#
..#.# ## # #.#.#####
..#.....#


You could see Natasha, a crimson imp (summoned), a white imp (summoned) and a
hobgoblin.

Vanquished Creatures
  2 adders
  A dart slug (D:1)
  3 leopard geckos (D:2)
  2 giant cockroaches
  7 goblins
  3 hobgoblins
  7 jackals
  4 kobolds
  A quokka (D:2)
  A ball python (D:3)
  4 bats
  A frilled lizard (D:2)
  6 rats
42 creatures vanquished.

Notes
Turn   | Place    | Note
-------+----------+-------------------------------------------
     0 | D:1      | Nolbo the Octopode Transmuter began the quest for the Orb.
     0 | D:1      | Reached XP level 1. HP: 13/13 MP: 3/3
   364 | D:1      | Reached XP level 2. HP: 18/18 MP: 5/5
   842 | D:1      | Learned a level 2 spell: Wereblood
   958 | D:2      | Reached XP level 3. HP: 17/24 MP: 6/6
  1074 | D:2      | Found a broken altar of Ashenzari.
  1739 | D:3      | Reached XP level 4. HP: 26/29 MP: 7/7
  1846 | D:3      | Noticed Natasha
  1856 | D:3      | Slain by a white imp

Illustrated notes

Levels and vault maps discovered:
D:1:      mrwooster_arrival_statue_2, layout_rooms, minivault_27,
          minmay_tromino_v7
D:2:      layout_basic, nicolae_ashenzari_panopticon
D:3:      layout_basic, minitemple, kiku_gazebo_pond_becter,
          doesnt_xom_only_xom, uniq_natasha, uniq_jessica, uniq_ijyb

Skill      XL: |  1  2  3 |
---------------+----------+-----
Fighting       | 2 |  2.1
Dodging        | |  2.0
Unarmed Combat | |  3.5
Spellcasting   | |  2.6
Transmutations | |  2.6

Action                   |  1- 3 |  4- 6 || total
-------------------------+-------+-------++-------
Melee: Unarmed           |    18 |       ||    18
       Constrict         |    21 |     5 ||    26
       Tentacles         |     8 |     4 ||    12
       Dagger            |    57 |    12 ||    69
       Punch             |       |     1 ||     1
 Stab: Sleeping          |     4 |       ||     4
Armor: Skin              |     9 |     1 ||    10
Dodge: Dodged            |    55 |     8 ||    63
